 Dungeon Crawl Stone Soup version 0.28-a0-983-g1de4e0787c (webtiles) character file.

Game seed: 1813677976635307874

9095 siradein the Fanfare of Bloodshed (level 11, -1/82 (86) HPs)
             Began as a Demonspawn Fighter on Dec 3, 2021.
             Was a Believer of Makhleb.
             Slain by a skeletal warrior (17 damage)
             ... on level 9 of the Dungeon.
             The game lasted 00:53:59 (14104 turns).

siradein the Fanfare of Bloodshed (DsFi)           Turns: 14104, Time: 00:53:59

HP:   -1/82 (86)    AC: 11    Str: 20    XL:     11   Next: 18%
MP:   17/17         EV: 11    Int:  9    God:    Makhleb [**....]
Gold: 396           SH:  6    Dex: 14    Spells: 10/10 levels left

rFire   . . .      SeeInvis .   D - +0 scimitar
rCold   . . .      Faith    .   c - +0 buckler
rNeg    . . .      Spirit   .   L - +0 troll leather armour
rPois   .          Reflect  .   (no helmet)
rElec   .          Harm     .   A - +0 cloak
rCorr   .          Rampage  .   (no gloves)
Will    +....                   o - +0 pair of boots
Stlth   +.........              (no amulet)
HPRegen 1.03/turn               p - ring of flight
MPRegen 0.15/turn               s - ring of willpower

@: flying, lightly drained
A: thin metallic scales 2, foul stench 1, icemail 1, condensation shield,
weakness stinger 1
a: Renounce Religion, Minor Destruction


You were on level 9 of the Dungeon.
You worshipped Makhleb.
Makhleb was pleased with you.
You visited 2 branches of the dungeon, and saw 10 of its levels.

You collected 396 gold pieces.

Inventory:

Hand Weapons
 u - the +0 spear "Wufoexub" {drain, Int+5 Dex-3}
   (You took it off a kobold on level 9 of the Dungeon)

   A truly terrible weapon, it drains the life of any living foe it strikes.
   Int:       It affects your intelligence (+5).
   Dex:       It affects your dexterity (-3).
 D - a +0 scimitar (weapon)
 G - the +1 war axe of the Howling Weasel {venom, rC+ Will+ Str+2}
   (You took it off a centaur warrior on level 9 of the Dungeon)

   It poisons the flesh of those it strikes.
   Str:       It affects your strength (+2).
   rC:        It protects you from cold.
   Will:      It increases your willpower.
 I - a +1 vampiric dagger
Missiles
 r - 24 poisoned darts
 t - 4 javelins
Armour
 c - a +0 buckler (worn)
 o - a +0 pair of boots (worn)
 A - a +0 cloak (worn)
 L - a +0 troll leather armour (worn)
Jewellery
 a - a ring of wizardry
 b - a ring of fire
 p - a ring of flight (left hand)
 s - a ring of willpower (right hand)
 x - a ring of magical power
Wands
 w - a wand of mindburst (1)
 y - a wand of iceblast (10)
 F - a wand of paralysis (2)
Scrolls
 g - 2 scrolls of magic mapping
 h - 3 scrolls of teleportation
 l - 2 scrolls of fog {unknown}
 n - 5 scrolls of immolation
 C - 2 scrolls of fear {unknown}
 E - a scroll of amnesia {unknown}
 H - a scroll of blinking {unknown}
Potions
 d - a potion of might
 e - a potion of mutation
 i - a potion of brilliance
 j - a potion of cancellation
 k - a potion of ambrosia {unknown}
 m - a potion of resistance
 v - a potion of haste
 B - 2 potions of berserk rage
 J - a potion of curing
Miscellaneous
 K - a tin of tremorstones (1/2)


   Skills:
 + Level 8.2 Fighting
 + Level 7.3 Long Blades
 + Level 7.5 Armour
 + Level 7.4 Shields
 + Level 9.1 Invocations
 + Level 5.0 Evocations


You had 10 spell levels left.
You didn't know any spells.
Your spell library contained the following spells:

 Spells                   Type           Power      Damage    Failure   Level
 Shock                    Conj/Air       0%         1d3       43%         1
 Summon Small Mammal      Summ           0%         N/A       43%         1
 Blink                    Tloc           0%         N/A       56%         2
 Call Canine Familiar     Summ           0%         N/A       80%         3
 Summon Guardian Golem    Hex/Summ       0%         N/A       80%         3
 Swiftness                Air            0%         N/A       80%         3
 Airstrike                Air            0%         N/A       99%         4
 Summon Lightning Spire   Summ/Air       0%         N/A       99%         4
 Manifold Assault         Tloc           0%         N/A       100%        5
 Storm Form               Tmut/Air       0%         N/A       100%        7
 Maxwell's Capacitive Co  Air            0%         ∞         100%        8


Dungeon Overview and Level Annotations

Branches:
Dungeon (9/15)             Temple (1/1) D:4
   Lair: D:8-11         Orc: D:9-12

Altars:
Ashenzari
Fedhas
Gozag
Makhleb
Okawaru
Qazlal
Sif Muna
Trog
Vehumet
Wu Jian
Yredelemnul
Zin

Shops:
D:4 (=   D:5 *

Annotations:
D:4 3 runed translucent doors, ytrimaz's ghost, amateur FoFi
D:8 1 runed translucent door, Matchingsocks's ghost, novice GrBe


Innate Abilities, Weirdness & Mutations

You are mostly covered in thin metallic scales. (AC +3)
You may rarely emit foul miasma when damaged in melee.
A meltable icy envelope protects you from harm. (AC +0)
A meltable shield of frost defends you. (SH +0)
You have a small tail.


Message History

The skeletal warrior is heavily damaged.
Your neqoxec closely misses the skeletal warrior.
Your neqoxec hits the skeletal warrior.
The skeletal warrior hits your neqoxec with a +0 short sword!
You slash the skeletal warrior!
The skeletal warrior is severely damaged.
Your neqoxec hits the skeletal warrior but does no damage. x2
The skeletal warrior hits your neqoxec with a +0 short sword!
Your neqoxec dies!
Your neqoxec disappears in a puff of smoke!
You hit the skeletal warrior.
The skeletal warrior is severely damaged.
Your neqoxec barely misses the skeletal warrior.
You block the skeletal warrior's attack.
You slash the skeletal warrior! You tail-slap the skeletal warrior.
The skeletal warrior is almost destroyed.
The centaur unwields a +0 shortbow.
The centaur wields a +0 flail.
The centaur hits you with a +0 flail. The centaur barely misses you.
Your neqoxec hits the skeletal warrior.
The skeletal warrior hits you with a +0 short sword.
The centaur unwields a +0 flail.
The centaur wields a +0 shortbow.
The centaur shoots an arrow.
The arrow hits you.
Your neqoxec barely misses the skeletal warrior.
The skeletal warrior throws a stone.
The stone hits you but does no damage.
The centaur shoots an arrow.
The arrow closely misses you.
The centaur unwields a +0 shortbow.
The centaur wields a +0 flail.
The centaur hits you with a +0 flail.
You emit a cloud of foul miasma!
You block the centaur's attack.
Your neqoxec closely misses the skeletal warrior.
The skeletal warrior hits you with a +0 short sword.
* * * LOW HITPOINT WARNING * * *
You slash the centaur!
The centaur is heavily wounded.
The centaur is engulfed in dark miasma.
The centaur is poisoned.
The centaur seems to slow down.
The centaur hits you with a +0 flail!
* * * LOW HITPOINT WARNING * * *
The centaur kicks you but does no damage.
Your neqoxec barely misses the skeletal warrior.
The skeletal warrior hits you with a +0 short sword!
You die...

#.........# #..#..
###.........#
##.####
#...........#
###..#...
#...####+#'##
###...##.## #. #)#
###...#####.. #.#
###...###..#...
#.####...###...##.#.
#.##...###...#.##...
#.z@.###...#.#.###..
#3c##'...#.#.#.##[#.
#....###...#.#.#)##.
#......###...#.#....
###......###...#.(()
##...c. ###..#)).
##... #######
....... #...
####......# #.


You could see a skeletal warrior (ally target), a centaur (poisoned, slow) and a
friendly neqoxec (summoned).

Vanquished Creatures
  2 centaur warriors (D:9)
  A deep elf pyromancer (D:9)
  A troll (D:9)
  Grinder (D:6)
  2 hornets
  3 wyverns
  7 yaks
  A wraith (D:9)
  A steam dragon (D:7)
  An acid dragon (D:9)
  A water moccasin (D:9)
  2 hornet zombies
  5 orc warriors
  2 sky beasts
  3 black bears
  2 ice beasts
  3 ogres
  6 centaurs
  3 kobold brigands
  A phantom (D:5)
  2 bullfrogs (D:9)
  2 water moccasin zombies (D:5)
  A wyvern zombie (D:8)
  5 scorpions
  2 wyvern skeletons
  A killer bee (D:8)
  A wight (D:9)
  8 centaur zombies
  7 bullfrog zombies
  2 jellies
  3 orc priests
  Crazy Yiuf (D:6)
  A bullfrog skeleton (D:6)
  A centaur skeleton (D:5)
  3 hounds (D:6)
  4 iguanas
  5 orc wizards
  3 scorpion zombies (D:5)
  A killer bee zombie (D:6)
  A hound zombie (D:5)
  2 hound skeletons (D:5)
  3 howler monkey skeletons
  8 adders
  4 shadow imps
  4 white imps
  An ufetubus (Temple)
  A worm (D:3)
  2 dart slugs
  21 orcs
  5 endoplasms
  4 goblins
  6 hobgoblins
  3 jackals (D:2)
  6 quokkas
  16 ball pythons
  2 bats (D:1)
  6 frilled lizards
  11 kobolds
  9 rats
216 creatures vanquished.

Vanquished Creatures (collateral kills)
  A manticore (D:9)
1 creature vanquished.

Vanquished Creatures (others)
  6 withered plants (D:5)
6 creatures vanquished.

Grand Total: 223 creatures vanquished

Notes
Turn   | Place    | Note
-------+----------+-------------------------------------------
     0 | D:1      | siradein the Demonspawn Fighter began the quest for the
                  | Orb.
     0 | D:1      | Reached XP level 1. HP: 18/18 MP: 1/1
    76 | D:1      | Gained mutation: You may rarely emit foul miasma when
                  | damaged in melee. [demonic ancestry]
    76 | D:1      | Reached XP level 2. HP: 9/24 MP: 2/2
   647 | D:1      | Found a faded altar of an unknown god.
   739 | D:2      | Reached XP level 3. HP: 29/29 MP: 3/3
  2400 | D:3      | Reached XP level 4. HP: 15/35 MP: 4/4
  2974 | D:4      | Noticed a scorpion
  2979 | D:4      | Killed a scorpion
  2980 | D:4      | Gained mutation: A meltable shield of frost defends you.
                  | (SH +0) [demonic ancestry]
  2980 | D:4      | Reached XP level 5. HP: 42/42 MP: 5/5
  3033 | D:4      | Found Uroothin's Antique Weapon Emporium.
  3075 | D:4      | Found Qumotock's Jewellery Shop.
  3271 | D:4      | Found a staircase to the Ecumenical Temple.
  3339 | Temple   | Entered the Ecumenical Temple
  3351 | Temple   | Became a worshipper of Makhleb the Destroyer
  3370 | D:4      | Reached XP level 6. HP: 43/48 MP: 6/6
  3635 | D:4      | Found a runed translucent gate.
  3636 | D:4      | Found a runed translucent gate.
  3636 | D:4      | Found a runed translucent gate.
  3637 | D:4      | Found an opulent altar of Gozag.
  3638 | D:4      | Noticed ytrimaz's ghost (amateur FoFi)
  3835 | D:5      | Entered Level 5 of the Dungeon
  3841 | D:5      | Reached skill level 1 in Invocations
  4202 | D:4      | Reached skill level 2 in Invocations
  4412 | D:5      | Gained mutation: You are partially covered in thin metallic
                  | scales. (AC +2) [demonic ancestry]
  4412 | D:5      | Reached XP level 7. HP: 42/55 MP: 8/8
  4590 | D:5      | Reached skill level 3 in Invocations
  4912 | D:5      | Reached skill level 5 in Fighting
  4975 | D:5      | Found Nuon's Assorted Antiques.
  5008 | D:5      | Found a basalt altar of Yredelemnul.
  5149 | D:5      | Found a stormy altar of Qazlal.
  5234 | D:5      | Reached * piety under Makhleb
  5698 | D:5      | Reached XP level 8. HP: 54/62 MP: 10/10
  5986 | D:5      | Reached skill level 4 in Invocations
  6051 | D:5      | Found a shimmering blue altar of Sif Muna.
  6586 | D:5      | Reached skill level 5 in Armour
  6586 | D:5      | Reached skill level 5 in Shields
  6854 | D:6      | Noticed a hornet
  6861 | D:6      | Paralysed by a hornet for 3 turns
  6865 | D:6      | Paralysed by a hornet for 1 turns
  6867 | D:6      | Killed a hornet
  6876 | D:6      | HP: 2/64 [killer bee zombie (6)]
  7286 | D:5      | Reached skill level 5 in Invocations
  7453 | D:6      | Reached skill level 5 in Long Blades
  7723 | D:6      | Noticed Grinder
  7727 | D:6      | Killed Grinder
  7728 | D:6      | Gained mutation: You are mostly covered in thin metallic
                  | scales. (AC +3) [demonic ancestry]
  7728 | D:6      | Reached XP level 9. HP: 61/69 MP: 13/13
  7956 | D:5      | Reached skill level 6 in Invocations
  8012 | D:5      | Reached skill level 1 in Evocations
  8600 | D:6      | Reached ** piety under Makhleb
  8673 | D:6      | Found a runed translucent door.
  8674 | D:6      | Noticed Crazy Yiuf
  8723 | D:6      | Killed Crazy Yiuf
  8960 | D:7      | Reached skill level 7 in Invocations
  9769 | D:7      | Gained mutation: You have a small tail. [demonic ancestry]
  9769 | D:7      | Reached XP level 10. HP: 63/79 MP: 15/15
 10109 | D:8      | Found a runed translucent door.
 10110 | D:8      | Noticed Matchingsocks's ghost (novice GrBe)
 10111 | D:8      | Noticed a cyclops
 10137 | D:8      | Paralysed by a hornet for 2 turns
 10149 | D:8      | HP: 3/79 [poisoned by a hornet]
 11484 | D:9      | Reached skill level 8 in Invocations
 11506 | D:9      | Noticed a cyclops
 11506 | D:9      | Noticed a centaur warrior
 11615 | D:9      | Noticed a skeletal warrior
 11764 | D:9      | Noticed a centaur warrior
 11775 | D:9      | Killed a centaur warrior
 11827 | D:9      | Noticed a deep elf pyromancer
 11835 | D:9      | Killed a deep elf pyromancer
 12114 | D:9      | Reached *** piety under Makhleb
 12224 | D:9      | Noticed a manticore
 12236 | D:9      | HP: 1/80 [barbs]
 12238 | D:9      | Killed a manticore
 12565 | D:9      | Identified the +1 war axe of the Howling Weasel {venom, rC+
                  | Will+ Str+2}
 12578 | D:9      | Killed a centaur warrior
 12579 | D:9      | Gained mutation: A meltable icy envelope protects you from
                  | harm. (AC +0) [demonic ancestry]
 12579 | D:9      | Reached XP level 11. HP: 33/86 MP: 17/17
 12853 | D:9      | Identified the +0 spear "Wufoexub" {drain, Int+5 Dex-3}
 12898 | D:9      | Reached skill level 9 in Invocations
 13480 | D:9      | HP: 3/76 [acid dragon/splash of acid (8)]
 13949 | D:9      | Reached skill level 5 in Evocations
 14104 | D:9      | Slain by a skeletal warrior

Illustrated notes

Levels and vault maps discovered:
D:1:      beargit_arrival_greenhouse, layout_rooms,
          dreamdust_ecumenical_altar_hidden_monk_grotto
D:2:      layout_loops_ring, roderic_cross_of_infinity
D:3:      layout_loops_ring, kennysheep_potato
D:4:      layout_loops_ring, minmay_temple_entry_junction_2, serial_shops,
          nicolae_shop_competitors_out_of_business, nicolae_stop_n_shop_1,
          ebering_ghost_gozag, minmay_misc_feat_tiny, chequers_arboretum,
          kennysheep_generic_room_12
D:5:      layout_rooms, jmf_multi_god_temple, lemuel_tele_altar, serial_undead,
          serial_undead_f, serial_undead_d, serial_undead_f, serial_undead_c,
          serial_undead_d, serial_undead_c, serial_undead_a, serial_shops,
          nicolae_square_shop, minivault_27
D:6:      minmay_chambers_of_threes, layout_basic,
          mainiacjoe_overflow_small_starburst, columned_hall_lemuel,
          hangedman_abyss_or_decor_stabs, grunt_ministairs_9,
          minmay_joined_circles, uniq_crazy_yiuf_cottage, uniq_grinder
D:7:      layout_rooms
D:8:      layout_rooms, ebering_ghost_inner_flame
D:9:      minmay_the_grid_four_pointed_star
          [minmay_the_grid_triangle_9x9_skeleton,
          minmay_the_grid_triangle_9x9_steps,
          minmay_the_grid_triangle_9x9_alien,
          minmay_the_grid_triangle_9x9_pentomino_pain,
          minmay_the_grid_prize_big_room], layout_basic
Temple:   eino_wide_crystal_templ

Skill      XL: |  1  2  3  4  5  6  7  8  9 10 11 |
---------------+----------------------------------+-----
Long Blades    | 2 3 4 5 6 7 |  7.3
Shields        | 3 4 5 6 7 |  7.4
Armour         | 3 4 5 6 7 |  7.5
Fighting       | 4 5 6 7 8 |  8.2
Invocations    | 2 3 5 7 8 9 |  9.1
Evocations     | 3 4 5 |  5.0

Action                   |  1- 3 |  4- 6 |  7- 9 | 10-12 || total
-------------------------+-------+-------+-------+-------++-------
Melee: Long sword        |   140 |   124 |   381 |       ||   645
       Scimitar          |       |       |    38 |   221 ||   259
       Tailslap          |       |       |       |    62 ||    62
       Dagger            |       |       |       |   123 ||   123
Throw: Dart              |       |     4 |     7 |     5 ||    16
       Javelin           |       |       |     2 |       ||     2
Invok: Minor Destruction |       |       |    33 |    28 ||    61
       Lesser Servant of |       |       |       |     4 ||     4
Evoke: Wand              |       |       |     5 |       ||     5
       Tin of tremorston |       |       |       |     1 ||     1
  Use: Scroll            |       |       |       |    10 ||    10
       Potion            |       |       |       |     6 ||     6
Armor: Scale mail        |    69 |    59 |   216 |       ||   344
       Chain mail        |       |       |    18 |       ||    18
       Steam dragon scal |       |       |     7 |     9 ||    16
       Plate armour      |       |       |       |   170 ||   170
       Troll leather arm |       |       |       |    12 ||    12
Dodge: Dodged            |    65 |    65 |   168 |    83 ||   381
Block: Buckler           |    31 |    60 |   237 |   182 ||   510

Table legend: (Time is in decaauts)
 A = Elapsed time spent in this place.
 B = Non-inter-level travel time spent in this place.
 C = Inter-level travel time spent in this place.
 D = Time resting spent in this place.
 E = Time spent auto-exploring this place.
 F = Levels seen in this place.
 G = Mean time per level.
                   A        B        C        D        E       F      G
               +--------+--------+--------+--------+--------+-----+--------+
         Total |  14260 |  14062 |    198 |   4492 |   6400 |  10 | 1426.0 |
       Dungeon |  14236 |  14038 |    198 |   4492 |   6399 |   9 | 1581.8 |
        Temple |     23 |     23 |      0 |      0 |      1 |   1 |   23.0 |
               +--------+--------+--------+--------+--------+-----+--------+

Top non-repeatable levels by time:
     D:5: 2394 daAuts
     D:9: 2128 daAuts
     D:8: 2086 daAuts
     D:4: 2075 daAuts
     D:6: 1462 daAuts
     D:3: 1138 daAuts
     D:7: 1138 daAuts
     D:2: 1116 daAuts
     D:1: 697 daAuts
  Temple: 23 daAuts
